 Dungeon Crawl Stone Soup version 0.26-a0-651-gb41185065b (webtiles) character file.

Game seed: 14987394288363722404

228 Irenicus the Geomancer (level 5, 41/42 HPs)
             Began as a Deep Dwarf Earth Elementalist on Oct 20, 2020.
             Quit the game on level 4 of the Dungeon.
             The game lasted 00:09:47 (1751 turns).

Irenicus the Geomancer (DDEE)                       Turns: 1751, Time: 00:09:48

Health: 41/42      AC:  3    Str: 12    XL:     5   Next: 71%
Magic:  0/6        EV: 12    Int: 16    God:
Gold:   122        SH:  9    Dex: 15    Spells: 4/7 levels left

rFire    . . .     SeeInvis .   d - +1 dagger
rCold    . . .     Faith    .   n - +2 buckler
rNeg     . . .     Spirit   .   c - +0 robe
rPois    .         Reflect  .   h - +0 helmet
rElec    .         Harm     .   (no cloak)
rCorr    .         Rampage  .   (no gloves)
MR       .....                  (no boots)
Stlth    ++........             (no amulet)
HPRegen  0.00/turn              j - -4 ring of slaying (curse)
MPRegen  0.10/turn              (no ring)

@: non-regenerating
A: damage resistance, heal wounds, large bone plates 1, agile 1, low mp 1, sense
surroundings 1, evolution 1, no regeneration
a: Heal Wounds


You were on level 4 of the Dungeon.
You visited 1 branch of the dungeon, and saw 4 of its levels.

You collected 122 gold pieces.

Inventory:

Hand Weapons
 d - a +1 dagger (weapon)
   (You took it off a goblin on level 1 of the Dungeon)
Missiles
 b - 48 stones (quivered)
Armour
 c - a +0 robe (worn)
 h - a +0 helmet (worn)
   (You found it on level 1 of the Dungeon)
 n - a +2 buckler (worn)
   (You found it on level 3 of the Dungeon)
Jewellery
 j - a cursed -4 ring of slaying (left hand)
   (You found it on level 2 of the Dungeon)
Scrolls
 f - 2 scrolls of immolation {!r}
 i - a scroll of identify
 l - a scroll of teleportation
Potions
 a - 2 potions of curing
 e - a potion of heal wounds
 g - 3 potions of stabbing {unknown}


   Skills:
 - Level 2.1 Dodging
 - Level 2.4 Stealth
 - Level 1.7 Spellcasting
 - Level 0.8 Transmutations
 + Level 8.6 Earth Magic


You had 4 spell levels left.
You knew the following spells:

 Your Spells              Type           Power        Failure   Level
a - Sandblast             Erth           ####..       1%          1
w - Passwall              Tmut/Erth      ###.....     8%          2

Your spell library contained the following spells:

 Spells                   Type           Power        Failure   Level
 Stone Arrow              Conj/Erth      ###...       19%         3
 Petrify                  Tmut/Erth      ###.....     45%         4
 Lee's Rapid Deconstruct  Erth           ####......   28%         5


Dungeon Overview and Level Annotations

Branches:
Dungeon (4/15)
 Temple: D:4-7

Altars:
Wu Jian


Innate Abilities, Weirdness & Mutations

You are resistant to damage.
You can heal yourself by infusing magical energy.
You passively map a small area around you.
You do not regenerate.
You are partially covered in large bone plates. (SH +4)
You are agile. (Dex +2)
Your magical capacity is low. (-10% MP)
You evolve.


Message History

You kill the frilled lizard!
b - 54 stones You now have 0/7 mp.
You see here a frilled lizard corpse.
You see here a potion of mutation {!q}.
Really quaff a potion of mutation {!q}?
Really quaff the potion of mutation?
You feel extremely strange.
You feel healthier.
You feel less resistant to poisons.
You feel less energetic.
You feel agile.
You feel nature experimenting on you.
Don't worry, failures die fast.
A bat comes into view.
There is a stone staircase leading down here.
You climb downwards.
A giant cockroach comes into view.
There is a stone staircase leading up here.
An ogre comes into view. It is wielding a +0 giant club.
You open the door.
A leopard gecko comes into view.
Casting: Sandblast (safe; 1% risk of failure)
Confirm with . or Enter, or press ? or * to list all spells.
Press: ? - help, Shift-Dir - straight line, f - you
Okay, then.
You block the giant cockroach's attack.
Casting: Sandblast (safe; 1% risk of failure)
Confirm with . or Enter, or press ? or * to list all spells.
Press: ? - help, Shift-Dir - straight line The blast of sand hits the ogre.
The ogre is lightly wounded.
b - 53 stones The giant cockroach waves its antennae.
The giant cockroach closely misses you.
You now have 3/6 mp.
Casting: Sandblast (safe; 1% risk of failure)
Confirm with . or Enter, or press ? or * to list all spells.
Aiming: Sandblast (safe; 1% risk of failure)
Press: ? - help, Shift-Dir - straight line, f - ogre
Aim: an ogre, wielding a +0 giant club (lightly wounded)
The blast of sand hits the ogre!
The ogre is severely wounded.
b - 52 stones The giant cockroach closely misses you.
You now have 2/6 mp.
Casting: Sandblast (safe; 1% risk of failure)
Confirm with . or Enter, or press ? or * to list all spells.
Aiming: Sandblast (safe; 1% risk of failure)
Press: ? - help, Shift-Dir - straight line, f/p - ogre
Aim: an ogre, wielding a +0 giant club (severely wounded)
The blast of sand hits the ogre!!
You kill the ogre!
Your Earth Magic skill increases to level 8!
b - 51 stones The giant cockroach barely misses you.
You now have 1/6 mp.
You see here a puce potion.
g - 3 puce potions (gained 1)
The giant cockroach barely misses you. The giant cockroach closely misses you.
It was a potion of heal wounds.
You feel much better. The giant cockroach bites you.
You regained 19 hp, and now have 41/42 hp.
Casting: Sandblast (safe; 1% risk of failure)
Confirm with . or Enter, or press ? or * to list all spells.
Aiming: Sandblast (safe; 1% risk of failure)
Press: ? - help, Shift-Dir - straight line, f - leopard gecko
Aim: a leopard gecko The blast of sand hits the leopard gecko!
You kill the leopard gecko!
b - 50 stones The giant cockroach closely misses you.
You now have 1/6 mp.
Casting: Sandblast (safe; 1% risk of failure)
Confirm with . or Enter, or press ? or * to list all spells.
Aiming: Sandblast (safe; 1% risk of failure)
Press: ? - help, Shift-Dir - straight line, f - giant cockroach
Aim: a giant cockroach The blast of sand hits the giant cockroach!
You kill the giant cockroach!
b - 49 stones You now have 0/6 mp.
Casting: Sandblast (safe; 1% risk of failure)
Confirm with . or Enter, or press ? or * to list all spells.
You don't have enough magic to cast that spell.
A giant cockroach comes into view.
Found a stone staircase leading down.
You block the giant cockroach's attack.
Casting: Sandblast (safe; 1% risk of failure)
Confirm with . or Enter, or press ? or * to list all spells.
Aiming: Sandblast (safe; 1% risk of failure)
Press: ? - help, Shift-Dir - straight line, f - giant cockroach
Aim: a giant cockroach The blast of sand misses the giant cockroach.
b - 48 stones The giant cockroach barely misses you.
You now have 0/6 mp.
Casting: Sandblast (safe; 1% risk of failure)
Confirm with . or Enter, or press ? or * to list all spells.
You don't have enough magic to cast that spell.
Unknown command.
Unknown command.
Are you sure you want to abandon this character and quit the game? (Confirm with "yes".)

* , * #......... * ,
#......... , ,, *
##........., ...#
#..........,
...#*#..........
#...##........ *
#..)###.s..# , *
*#...##.@..#*, * *
#...##....# , , , ##
##...##....##. , ...
#.............. * *
*#..###.....#..##..,
, * *
*#..#...)...#..#**#
* .......†....#..#*
* #####.##....#.>. ,
, , ..........$.#
... ,


You could see a giant cockroach.

Vanquished Creatures
  An ogre (D:4)
  A howler monkey (D:3)
  A gnoll (D:1)
  2 adders
  A worm (D:2)
  A dart slug (D:1)
  3 leopard geckos
  2 giant cockroaches
  9 goblins
  8 hobgoblins
  8 jackals
  8 ball pythons
  5 bats
  9 frilled lizards
  6 kobolds
  8 rats
73 creatures vanquished.

Vanquished Creatures (others)
  A plant (D:3)
1 creature vanquished.

Grand Total: 74 creatures vanquished

Notes
Turn   | Place    | Note
-------+----------+-------------------------------------------
     0 | D:1      | Irenicus the Deep Dwarf Earth Elementalist began the quest
                  | for the Orb.
     0 | D:1      | Reached XP level 1. HP: 15/15 MP: 3/3
    65 | D:1      | Irenicus: ?? asleep
    65 | D:1      | beem: asleep ~ sleep[1/1]: Aizul and satyrs use it. Berserk
                  | makes you immune. Taking damage wakes you up, and melee
                  | attacks against you do 2.5x damage. Unlike
                  | paralysis/petrify, you don't get reduced EV from sleep -
                  | monsters do however.
   162 | D:1      | Reached XP level 2. HP: 22/22 MP: 0/4
   255 | D:1      | Reached skill level 5 in Earth Magic
   374 | D:1      | Reached XP level 3. HP: 28/28 MP: 0/5
   488 | D:1      | Reached skill level 6 in Earth Magic
   836 | D:2      | Learned a level 2 spell: Passwall
   847 | D:2      | Found an ornate altar of the Wu Jian Council.
  1202 | D:3      | Reached XP level 4. HP: 24/36 MP: 2/6
  1344 | D:3      | Reached skill level 7 in Earth Magic
  1556 | D:3      | Gained mutation: Your system is resistant to poisons.
                  | (rPois) [potion of mutation]
  1556 | D:3      | Gained mutation: Your body sometimes deteriorates upon
                  | taking damage. [potion of mutation]
  1556 | D:3      | Gained mutation: You are partially covered in large bone
                  | plates. (SH +4) [potion of mutation]
  1672 | D:3      | Reached XP level 5. HP: 22/42 MP: 2/7
  1699 | D:3      | Lost mutation: Your body sometimes deteriorates upon taking
                  | damage. [potion of mutation]
  1699 | D:3      | Lost mutation: Your system is resistant to poisons. (rPois)
                  | [potion of mutation]
  1699 | D:3      | Gained mutation: Your magical capacity is low. (-10% MP)
                  | [potion of mutation]
  1699 | D:3      | Gained mutation: You are agile. (Dex +2) [potion of
                  | mutation]
  1699 | D:3      | Gained mutation: You evolve. [potion of mutation]
  1732 | D:4      | Noticed an ogre
  1738 | D:4      | Killed an ogre
  1738 | D:4      | Reached skill level 8 in Earth Magic
  1751 | D:4      | Quit the game

Illustrated notes

Levels and vault maps discovered:
D:1:      nzn_arrival_water_spiral, layout_loops_ring
D:2:      layout_basic, marbit_many_paths
D:3:      layout_loops_ring, minmay_shallow_snake_nest
D:4:      layout_basic, nicolae_overflow_crystal_walls, serial_curves,
          eino_curves_02, eino_curves_04, eino_curves_01,
          nicolae_tso_carved_into_rock

Skill      XL: |  1  2  3  4  5 |
---------------+----------------+-----
Earth Magic    | 5 6 7 8 |  8.6
Dodging        | |  2.1
Stealth        | |  2.4
Spellcasting   | |  1.7
Transmutations | |  0.8

Action                   |  1- 3 |  4- 6 || total
-------------------------+-------+-------++-------
Melee: Dagger            |    62 |    37 ||    99
       Unarmed           |     3 |       ||     3
 Cast: Sandblast         |    46 |    36 ||    82
       Passwall          |     8 |     2 ||    10
  Use: Scroll            |     5 |     1 ||     6
       Potion            |       |     4 ||     4
 Stab: Sleeping          |     4 |     2 ||     6
Armor: Robe              |    27 |    16 ||    43
Dodge: Dodged            |    60 |    69 ||   129
Block: Buckler           |       |    15 ||    15

Table legend: (Time is in decaauts)
 A = Elapsed time spent in this place.
 B = Non-inter-level travel time spent in this place.
 C = Inter-level travel time spent in this place.
 D = Time resting spent in this place.
 E = Time spent auto-exploring this place.
 F = Levels seen in this place.
 G = Mean time per level.
                   A        B        C        D        E       F      G
               +--------+--------+--------+--------+--------+-----+--------+
         Total |   1754 |   1723 |     31 |      0 |    234 |   4 |  438.5 |
       Dungeon |   1754 |   1723 |     31 |      0 |    234 |   4 |  438.5 |
               +--------+--------+--------+--------+--------+-----+--------+

Top non-repeatable levels by time:
     D:2: 680 daAuts
     D:3: 529 daAuts
     D:1: 524 daAuts
     D:4: 20 daAuts

Table legend:
 A = Kills in this place as a percentage of kills in entire the game.
 B = Kills by you in this place as a percentage of kills by you in the entire game.
 C = Kills by friends in this place as a percentage of kills by friends in the entire game.
 D = Other kills in this place as a percentage of other kills in the entire game.
 E = Experience gained in this place as a percentage of experience gained in the entire game.
 F = Experience gained in this place divided by the number of levels of this place that you have seen.
                   A       B       C       D       E      F
               +-------+-------+-------+-------+-------+----------------------
         Total | 100.0 | 100.0 |   N/A |   N/A | 100.0 |  81.8
       Dungeon | 100.0 | 100.0 |   N/A |   N/A | 100.0 |  81.8
               +-------+-------+-------+-------+-------+----------------------
